 Dungeon Crawl Stone Soup version 0.19.5 (webtiles) character file.

464 JeffiDaFish the Ducker (level 6, -3/29 HPs)
             Began as a Spriggan Conjurer on Nov 8, 2017.
             Slain by an ogre
             ... wielding a +0 giant spiked club
              (32 damage)
             ... on level 4 of the Dungeon.
             The game lasted 00:16:37 (5262 turns).

JeffiDaFish the Ducker (Spriggan Conjurer)          Turns: 5262, Time: 00:16:37

Health: -3/29      AC:  3    Str:  4    XL:     6   Next: 80%
Magic:  0/14       EV: 22    Int: 17    God:
Gold:   164        SH:  0    Dex: 22    Spells: 5 memorised, 0 levels left

rFire  . . .     SeeInvis +     i - +0 short sword
rCold  . . .     Gourm    .     a - +1 robe
rNeg   . . .     Faith    .     (shield restricted)
rPois  .         Spirit   .     (helmet restricted)
rElec  .         Reflect  .     (no cloak)
rCorr  .         Harm     .     (gloves unavailable)
MR     ++...                    (boots unavailable)
Stlth  +++.......               (no amulet)
                                j - +4 ring of dexterity
                                e - ring of protection from magic

@: very slightly contaminated, very quick
A: unfitting armour, see invisible, herbivore 3, speed 3, slow metabolism 2
a: no special abilities


You were on level 4 of the Dungeon.
You were not hungry.

You visited 1 branch of the dungeon, and saw 5 of its levels.

You collected 164 gold pieces.

Inventory:

Hand Weapons
 i - a +0 short sword (weapon)
Armour
 a - a +1 robe (worn)
Jewellery
 d - an uncursed ring of resist corrosion
 e - a ring of protection from magic (left hand)
 j - a +4 ring of dexterity (right hand)
 k - an uncursed ring of stealth {unknown}
Scrolls
 f - a scroll of remove curse
 g - a scroll of recharging
 l - 2 scrolls of identify
Books
 b - a book of Conjurations

   Spells                             Type                      Level
   a - Magic Dart                     Conjuration                  1
   b - Searing Ray                    Conjuration                  2
   c - Dazzling Spray                 Conjuration/Hexes            3
   d - Fulminant Prism                Conjuration/Hexes            4
   e - Iskenderun's Mystic Blast      Conjuration                  4
   f - Iskenderun's Battlesphere      Conjuration/Charms           5
 m - the Disquisition on the Gliding Escort
   (You found it on level 4 of the Dungeon)

   Spells                             Type                      Level
   a - Shock                          Conjuration/Air              1
   b - Repel Missiles                 Charms/Air                   2
   c - Swiftness                      Charms/Air                   2
   d - Airstrike                      Air                          4
   e - Summon Ice Beast               Ice/Summoning                4
   f - Lightning Bolt                 Conjuration/Air              5
Comestibles
 c - 2 bread rations
 h - 6 fruits


   Skills:
 + Level 0.4 Fighting
 + Level 1.6 Short Blades
 + Level 5.1 Dodging
 + Level 4.8 Stealth
 - Level 0.2 Unarmed Combat
 * Level 4.9 Spellcasting
 * Level 4.2 Conjurations
 + Level 1.6 Hexes
 + Level 0.0 Air Magic


You couldn't memorise any spells.
You knew the following spells:

 Your Spells              Type           Power        Failure   Level  Hunger
a - Magic Dart            Conj           ###.         2%          1    None
b - Searing Ray           Conj           ###...       4%          2    #......
c - Dazzling Spray        Conj/Hex       ##....       14%         3    ###....
d - Iskenderun's Mystic   Conj           ###.....     30%         4    ####...
e - Airstrike             Air            #.........   98%         4    ####...


Dungeon Overview and Level Annotations

Branches:
Dungeon (5/15)
 Temple: D:4-7

Altars:

Annotations:
D:3 JeffiDaFish's ghost, amateur SpCj
D:5 Eustachio


Innate Abilities, Weirdness & Mutations

You are very small and have problems with some larger weapons.
You are too small for most types of armour.
You have supernaturally acute eyesight. (SInv)
You are a herbivore.
You cover ground extremely quickly.
You need consume almost no food.


Message History

The orc wizard is heavily wounded.
The ogre is no longer blind.
The orc hits you but does no damage.
Casting: Searing Ray
Confirm with . or Enter, or press ? or * to list all spells.
Aiming: Dazzling Spray
Press: ? - help, Shift-Dir - straight line, f/p - ogre
Aim: an ogre, wielding a giant spiked club (severely wounded)
The spray of energy hits the ogre.
The ogre is almost dead.
The ogre misses you.
You hit the ogre but do no damage.
The ogre is almost dead.
Casting: Dazzling Spray
Confirm with . or Enter, or press ? or * to list all spells.
You don't have enough magic to cast that spell.
You hit the ogre but do no damage.
The ogre is almost dead.
The ogre hits you with a giant spiked club!!
Ouch! That really hurt!
You die...

#### ...# ##.## ....#
##### ##..# ##...##
##..#####.###.##
............##.##
##[.###.##..###.#### #
#..#
#...#+#...@Oo#.###
#..#
#..##.###.##.o...#
#..#
####...####....#.#
##..#####.....##..o..#
....##.# ..8...o....##
###..#.###.o.###.#...
....<....#..o# #.#.###
.###.###>#..o# #.#.#
.# #..†..#.>.# #.#.#


You could see an ogre, an orc priest and an orc.

Vanquished Creatures
  A sky beast (D:5)
  A centaur (D:5)
  A necrophage (D:5)
  A hound (D:5)
  Jessica (D:2)
  3 gnolls (D:5)
  6 adders
  A worm (D:2)
  4 dart slugs
  A leopard gecko (D:2)
  2 orcs
  7 bats
  6 giant cockroaches
  6 goblins
  4 hobgoblins
  3 jackals (D:2)
  3 quokkas
  6 frilled lizards
  6 kobolds
  5 rats
68 creatures vanquished.

Notes
Turn   | Place    | Note
-------+----------+-------------------------------------------
     0 | D:1      | JeffiDaFish the Spriggan Conjurer began the quest for the Orb.
     0 | D:1      | Reached XP level 1. HP: 9/9 MP: 5/5
   296 | D:1      | Reached XP level 2. HP: 13/13 MP: 4/6
  1007 | D:1      | Reached XP level 3. HP: 16/16 MP: 2/8
  1454 | D:2      | Learned a level 2 spell: Searing Ray
  1458 | D:2      | Learned a level 3 spell: Dazzling Spray
  2407 | D:2      | Reached XP level 4. HP: 21/21 MP: 1/9
  2474 | D:2      | Noticed Jessica
  2479 | D:2      | Killed Jessica
  2663 | D:2      | Reached skill level 1 in Short Blades
  3094 | D:3      | Noticed JeffiDaFish's ghost (amateur SpCj)
  3339 | D:3      | You fall through a shaft for 2 floors!
  3339 | D:5      | Entered Level 5 of the Dungeon
  3397 | D:5      | Reached XP level 5. HP: 24/24 MP: 8/11
  3747 | D:5      | Noticed Eustachio
  4150 | D:5      | Learned a level 4 spell: Iskenderun's Mystic Blast
  4168 | D:5      | Noticed a sky beast
  4245 | D:5      | Killed a sky beast
  4245 | D:5      | Reached skill level 4 in Dodging
  4245 | D:5      | Reached skill level 1 in Hexes
  4313 | D:5      | Reached XP level 6. HP: 13/28 MP: 0/13
  4738 | D:5      | Reached skill level 5 in Dodging
  5010 | D:4      | Identified the Disquisition on the Gliding Escort
  5139 | D:4      | Learned a level 4 spell: Airstrike
  5262 | D:4      | Slain by an ogre

Skill      XL: |  1  2  3  4  5  6 |
---------------+-------------------+-----
Conjurations   | 3 4 |  4.2
Spellcasting   | 3 4 |  4.9
Short Blades   | 1 |  1.6
Dodging        | 4 5 |  5.1
Stealth        | 4 |  4.8
Hexes          | 1 |  1.6
Fighting       | |  0.4
Unarmed Combat | |  0.2

Action                   |  1- 3 |  4- 6 || total
-------------------------+-------+-------++-------
Melee: Dagger            |    21 |       ||    21
       Unarmed           |     4 |       ||     4
       Short sword       |    33 |   106 ||   139
 Cast: Magic Dart        |    66 |    35 ||   101
       Searing Ray       |     8 |    15 ||    23
       Dazzling Spray    |     1 |    14 ||    15
       Iskenderun's Myst |       |     1 ||     1
  Use: Scroll            |     3 |     5 ||     8
       Potion            |     1 |     1 ||     2
 Stab: Sleeping          |     3 |     2 ||     5
       Invisible         |       |     2 ||     2
  Eat: Bread ration      |       |     1 ||     1
       Fruit             |       |     1 ||     1
Armor: Robe              |     5 |     5 ||    10
Dodge: Dodged            |    63 |   123 ||   186
